 Dungeon Crawl Stone Soup version 0.32-a0-460-gc8eefc90e7 (webtiles) character file.

Game seed: 8703863809036602778

63604 Kenran the Marksminotaur (level 14, 0/121 HPs)
             Began as a Minotaur Hedge Wizard on Feb 24, 2024.
             Was the Champion of Hepliaklqana.
             Slain by a meliai
             ... wielding a +0 hand axe
              (2 damage)
             ... on level 13 of the Dungeon.
             The game lasted 00:37:57 (19450 turns).

Kenran the Marksminotaur (Minotaur Hedge Wizard)   Turns: 19450, Time: 00:37:57

Health: 0/121      AC: 10    Str: 14    XL:     14   Next: 68%
Magic:  19/19      EV: 20    Int: 11    God:    Hepliaklqana [******]
Gold:   1529       SH:  5    Dex: 16    Spells: 16/17 levels left

rFire   . . .        a - +0 arbalest
rCold   . . .        (shield currently unavailable)
rNeg    . . .        B - +0 troll leather armour
rPois   .            G - +1 hat {Will+}
rElec   +            (no cloak)
rCorr   .            C - +0 pair of gloves
SInv    .            i - +3 pair of boots "Nyan" {^Contam Rampage rElec Stlth+}
Will    +++..        I - amulet of reflection
Stlth   +++          j - ring of willpower
HPRegen 1.20/turn    (no ring)
MPRegen 0.16/turn

%: reflection, rampage
@: no status effects
A: reduced essence, horns 2, retaliatory headbutt
a: Renounce Religion, Recall Ancestor, Ancestor Identity, Transference, Idealise


You were on level 13 of the Dungeon.
You worshipped Hepliaklqana.
Hepliaklqana was exalted by your worship.
You visited 2 branches of the dungeon, and saw 18 of its levels.

You collected 1529 gold pieces.

Inventory:

Hand Weapons
 a - a +0 arbalest (weapon)
 b - the +7 trident of Makhleb's Hope {freeze, rPois Int-2 Dex+5}
   (You found it on level 5 of the Lair of Beasts)

   Int-2:     It affects your intelligence (-2).
   Dex+5:     It affects your dexterity (+5).
   rPois:     It protects you from poison
Armour
 i - the +3 pair of boots "Nyan" (worn) {^Contam Rampage rElec Stlth+}
   (You found it on level 11 of the Dungeon)

   rElec:     It insulates you from electricity.
   ^Contam:   It causes magical contamination when unequipped.
   Rampage:   It bestows one free step when moving towards enemies.
   Stlth+:    It makes you more stealthy.
 B - a +0 troll leather armour (worn)
 C - a +0 pair of gloves (worn)
 G - a +1 hat of willpower (worn)
Jewellery
 j - a ring of willpower (left hand)
 I - an amulet of reflection (around neck)
Wands
 k - a wand of paralysis (33)
 l - a wand of iceblast (5)
 o - a wand of polymorph (6)
 t - a wand of mindburst (5)
 z - a wand of acid (8)
 F - a wand of flame (17)
 L - a wand of digging (6)
Scrolls
 c - 8 scrolls of enchant armour
 f - a scroll of blinking
 g - 2 scrolls of teleportation
 h - 2 scrolls of enchant weapon
 q - 3 scrolls of immolation {!r}
 s - 2 scrolls of butterflies
 u - 5 scrolls of silence
 x - 5 scrolls of revelation
 y - 2 scrolls of brand weapon
 A - 3 scrolls of fog
Potions
 d - 2 potions of magic
 e - 4 potions of degeneration {!q}
 n - a potion of brilliance
 p - 7 potions of curing {@q1}
 r - 3 potions of lignification {!q}
 v - a potion of mutation {!q}
 w - 2 potions of haste {unknown}
 D - a potion of might {unknown}
 E - a potion of heal wounds {@q2}
 H - a potion of attraction {!q}
 J - a potion of invisibility {unknown}
 K - a potion of enlightenment {unknown}
Miscellaneous
 M - a lightning rod (4/4)
 N - a phial of floods


   Skills:
 - Level 15.0 Fighting
 - Level 18.0 Ranged Weapons
 - Level 5.0 Armour
 + Level 14.7 Dodging
 - Level 1.5 Stealth
 - Level 2.1 Spellcasting
 - Level 0.6 Conjurations
 - Level 0.6 Summonings
 - Level 0.6 Translocations
 - Level 8.0 Invocations


You had 16 spell levels left.
You knew the following spells:

 Your Spells              Type           Power      Damage    Failure   Level
a - Magic Dart            Conj           8%         1d3       28%         1

Your spell library contained the following spells:

 Spells                   Type           Power      Damage    Failure   Level
 Summon Small Mammal      Summ           8%         N/A       28%         1
 Slow                     Hex            4%         N/A       34%         1
 Blink                    Tloc           4%         N/A       38%         2
 Call Imp                 Summ           4%         N/A       38%         2
 Cigotuvi's Dreadful Rot  Necr/Alch/Air  2%         N/A       47%         2
 Call Canine Familiar     Summ           2%         N/A       63%         3
 Mephitic Cloud           Conj/Alch/Air  1%         N/A       69%         3
 Tukima's Dance           Hex            1%         N/A       71%         3
 Iskenderun's Mystic Bla  Conj/Tloc      2%         2d3       95%         4
 Brom's Barrelling Bould  Conj/Erth      1%         2d3       97%         4
 Dimensional Bullseye     Hex/Tloc       0%         N/A       97%         4
 Summon Blazeheart Golem  Fire/Summ      1%         N/A       97%         4
 Fireball                 Conj/Fire      0%         3d3       100%        5
 Iskenderun's Battlesphe  Conj           2%         2d6       100%        5
 Conjure Ball Lightning   Conj/Air       0%         3x3d6     100%        6
 Orb of Destruction       Conj           1%         9d5       100%        7


Dungeon Overview and Level Annotations

Branches:
Dungeon (13/15)            Temple (0/1) D:5            Lair (5/5) D:11
 Shoals (0/4) Lair:3        Snake (0/4) Lair:2        Slime (0/5) Lair:4
    Orc (0/2) D:11
 Vaults: D:13-14

Altars:
Ashenzari
Elyvilon
Gozag
Hepliaklqana
Kikubaaqudgha
Nemelex Xobeh
Qazlal
Ru
Sif Muna
Uskayaw
Vehumet
Wu Jian
Xom
Zin
The Shining One

Shops:
D:9 [

Annotations:
D:13 3 runed translucent doors, temujin's ghost, journeyman MDFi
Lair:1 Vonofol's ghost, journeyman GrEE


Innate Abilities, Weirdness & Mutations

Your life essence is reduced to manifest your ancestor. (-10% HP)
You have a pair of horns on your head.
You reflexively headbutt those who attack you in melee.


Message History

The meliai invokes the aid of its god against you.
Something smites you!
Xekkuon blocks the meliai's attack.
The meliai closely misses Xekkuon.
The meliai hits Xekkuon with a +0 hand axe!
The meliai completely misses Xekkuon.
The meliai hits Xekkuon but does no damage.
The meliai stings Xekkuon but does no damage.
The meliai hits Xekkuon but does no damage.
The meliai stings Xekkuon!
Xekkuon is destroyed!
Fire: a) +0 arbalest
Press: ? - help, Q - select action, (/) - cycle Shift-Dir - straight line, f/p - meliai
Aim: a meliai, wielding a +0 hand axe and wearing a +0 robe (almost dead, 61% to hit)
You shoot a bolt. The bolt misses the meliai.
The meliai invokes the aid of its god against you.
Something smites you!
Fire: a) +0 arbalest
Press: ? - help, Q - select action, (/) - cycle Shift-Dir - straight line, f/p - meliai
Aim: a meliai, wielding a +0 hand axe and wearing a +0 robe (almost dead, 61% to hit)
You shoot a bolt. The bolt misses the meliai.
The bolt closely misses the meliai.
The meliai hits you with a +0 hand axe!
* * * LOW HITPOINT WARNING * * *
The meliai misses you.
The meliai calls upon its god to heal the meliai.
The meliai is healed somewhat.
The meliai invokes the aid of its god against you.
Something smites you!
* * * LOW HITPOINT WARNING * * *
As you read the scroll of fear, it crumbles to dust.
You assume a fearsome visage.
The meliai looks frightened!
The meliai resists with some effort.
The meliai looks frightened!
The meliai calls down the wrath of its god upon you.
Something smites you!
* * * LOW HITPOINT WARNING * * *
The meliai hits you with a +0 hand axe.
* * * LOW HITPOINT WARNING * * *
The meliai stings you.
You die...
Hepliaklqana delivers you to your ancestors.

......#....#.......#
####.......##......#
#####...≣≣≣≣≣.....
.'..#(..≣ ≣.....
R#..#...≣ ≣.....
.#..#...≣ ≣....# ####
.#..#...+ ≣...y# .....
##''#...≣ ≣....#......
....#...≣ ≣...@y......
...)'...≣ ≣....#......
#####...≣≣≣≣≣....#
.....
#..............y#####..
#....###.........†..# #
#....# #..............
#....# #..............
#....# #..............
###### ###############


You could see 3 meliai.

Vanquished Creatures
  Gastronok (Lair:2)
  A fire dragon (Lair:5)
  An ice dragon (Lair:5)
  3 catoblepae
  A hydra (Lair:5)
  An alligator (Lair:3)
  3 boulder beetles
  5 two-headed ogres
  2 death yaks (Lair:4)
  A skyshark (Lair:2)
  An arcanist (D:13)
  2 swamp dragons
  An orc knight (D:13)
  2 lindwurms (Lair:5)
  A deep elf pyromancer (D:13)
  2 cyclopes
  2 elephants
  2 black mambas (Lair:4)
  5 torpor snails (Lair:5)
  9 cane toads
  2 gargoyles
  A kobold demonologist (D:12)
  3 unseen horrors
  7 komodo dragons
  5 rime drakes
  7 hornets
  2 trolls (D:10)
  A polar bear (Lair:2)
  2 tyrant leeches (Lair:5)
  7 dream sheep
  17 blink frogs
  3 shadows
  2 wyverns
  40 yaks
  2 wraiths
  4 basilisks
  A steam dragon (Lair:4)
  2 vampire mosquitoes (D:11)
  6 water moccasins
  A swamp worm (Lair:3)
  An acid dragon (Lair:5)
  4 orc warriors
  5 swamp drakes
  A sky beast (D:8)
  3 ice beasts
  A black bear (D:5)
  An ogre (D:5)
  9 wolves
  4 centaurs
  4 phantoms
  A kobold brigand (D:6)
  4 bullfrogs
  3 scorpions
  3 wights (D:8)
  3 killer bees (D:9)
  2 electric eels (Lair:4)
  3 howler monkeys
  4 hounds
  5 orc priests
  4 sleepcaps
  A gnoll bouda (Lair:2)
  2 jellies
  Jessica (D:2)
  Terence (D:2)
  9 iguanas
  5 orc wizards
  7 adders
  An ufetubus (D:5)
  A dart slug (D:5)
  A ribbon worm (D:2)
  28 orcs
  8 ball pythons
  10 endoplasms
  2 giant cockroaches (D:3)
  13 goblins
  3 hobgoblins
  12 kobolds
  4 quokkas
  4 bats
  6 frilled lizards
  A goblin skeleton (D:7)
  A goblin zombie (D:7)
  A hobgoblin zombie (D:7)
  A kobold skeleton (D:7)
  A kobold zombie (D:7)
  2 orc skeletons (D:7)
  3 rats (D:1)
355 creatures vanquished.

Vanquished Creatures (collateral kills)
  An alligator (Lair:3)
  2 death yaks (Lair:4)
  A two-headed ogre (D:9)
  2 goliath frogs (Lair:3)
  2 cyclopes
  An ugly thing (D:12)
  2 elephants (Lair:3)
  A manticore (D:13)
  A black mamba (Lair:2)
  A komodo dragon (Lair:5)
  A cane toad (shapeshifter) (D:13)
  5 cane toads
  2 unseen horrors
  A rime drake (Lair:3)
  A kobold demonologist (D:13)
  8 blink frogs
  A hornet (Lair:5)
  2 trolls
  A tyrant leech (Lair:5)
  7 dream sheep
  Sigmund (D:6)
  15 yaks
  A wraith (D:12)
  A wyvern (Lair:2)
  3 basilisks
  A steam dragon (Lair:5)
  2 vampire mosquitoes (D:11)
  A swamp worm (Lair:3)
  2 acid dragons (Lair:5)
  A naga (Lair:2)
  2 water moccasins (Lair:2)
  2 black bears
  A sky beast (D:6)
  An ice beast (D:6)
  5 wolves
  An ogre (D:5)
  A phantom (D:5)
  A bullfrog (D:6)
  3 killer bees (D:9)
  2 jellies
  A bombardier beetle (D:5)
  3 howler monkeys (D:8)
  A quasit (D:7)
  A hound (D:6)
  A sleepcap (D:5)
  An iguana (D:9)
  6 orc wizards
  2 adders
  An ufetubus (D:5)
  10 orcs
  2 kobolds (D:6)
  A butterfly (Lair:1)
120 creatures vanquished.

Vanquished Creatures (others)
  18 knights
  An ancestor (D:5)
19 creatures vanquished.

Grand Total: 494 creatures vanquished

Notes
Turn   | Place    | Note
-------+----------+-------------------------------------------
     0 | D:1      | Kenran the Minotaur Hedge Wizard began the quest for the
                  | Orb.
     0 | D:1      | Reached XP level 1. HP: 14/14 MP: 2/2
   117 | D:1      | Reached skill level 1 in Fighting
   344 | D:1      | Reached XP level 2. HP: 18/24 MP: 4/4
   831 | D:2      | Found a faded altar of an unknown god.
   837 | D:2      | Reached XP level 3. HP: 31/31 MP: 5/5
   928 | D:2      | Noticed Jessica
   934 | D:2      | Killed Jessica
  1050 | D:2      | Reached XP level 4. HP: 41/41 MP: 6/6
  1054 | D:2      | Noticed Terence
  1123 | D:3      | Found a shimmering blue altar of Sif Muna.
  1144 | D:3      | Reached skill level 5 in Fighting
  1153 | D:3      | Reached skill level 1 in Armour
  1266 | D:3      | Reached XP level 5. HP: 11/48 MP: 7/7
  1558 | D:3      | Found an ancient bone altar of Kikubaaqudgha.
  1677 | D:3      | Found a hide-covered altar of Uskayaw.
  1904 | D:3      | Found a hazy altar of Hepliaklqana.
  1914 | D:3      | Became a worshipper of Hepliaklqana the Forgotten
  2049 | D:2      | Killed Terence
  2603 | D:4      | Reached skill level 1 in Ranged Weapons
  2603 | D:4      | Reached XP level 6. HP: 52/57 MP: 8/8
  2663 | D:4      | You fall into a shaft and drop 1 floor!
  2663 | D:5      | Entered Level 5 of the Dungeon
  2663 | D:5      | Found a radiant altar of Vehumet.
  2701 | D:5      | Reached skill level 2 in Ranged Weapons
  2816 | D:5      | Found a staircase to the Ecumenical Temple.
  2961 | D:5      | Reached skill level 3 in Ranged Weapons
  2996 | D:5      | Reached XP level 7. HP: 55/63 MP: 9/9
  3080 | D:5      | Reached skill level 4 in Ranged Weapons
  3203 | D:5      | Reached * piety under Hepliaklqana
  3230 | D:5      | Reached skill level 5 in Ranged Weapons
  3230 | D:5      | Reached skill level 5 in Armour
  3977 | D:4      | Found a glowing silver altar of Zin.
  3977 | D:4      | Noticed an angel
  4299 | D:5      | Reached skill level 6 in Ranged Weapons
  4319 | D:5      | Reached XP level 8. HP: 44/63 MP: 10/10
  4332 | D:5      | Reached skill level 7 in Ranged Weapons
  4605 | D:6      | Noticed Sigmund
  4611 | D:6      | Reached skill level 8 in Ranged Weapons
  4615 | D:6      | Killed Sigmund
  4622 | D:6      | Found a shimmering altar of Xom.
  4737 | D:6      | Reached skill level 9 in Ranged Weapons
  4862 | D:6      | Reached ** piety under Hepliaklqana
  4864 | D:6      | Remembered your ancestor Xekkuon as a knight
  5156 | D:6      | Reached skill level 10 in Ranged Weapons
  5395 | D:6      | Reached XP level 9. HP: 11/67 MP: 11/11
  5640 | D:6      | Noticed a cyclops
  5647 | D:6      | Killed a cyclops
  5648 | D:6      | Reached skill level 11 in Ranged Weapons
  5671 | D:6      | Reached skill level 12 in Ranged Weapons
  6017 | D:7      | Found a white marble altar of Elyvilon.
  6198 | D:7      | Found a glowing golden altar of the Shining One.
  6639 | D:8      | Reached *** piety under Hepliaklqana
  6717 | D:8      | Reached skill level 13 in Ranged Weapons
  6840 | D:8      | HP: 3/67 [orc warrior/+0 halberd (4)]
  7114 | D:8      | Reached XP level 10. HP: 74/74 MP: 12/12
  7284 | D:8      | Reached skill level 14 in Ranged Weapons
  7640 | D:9      | Found Zonos's Antique Armour Boutique.
  7821 | D:9      | Noticed a two-headed ogre
  7826 | D:9      | Killed a two-headed ogre
  7835 | D:9      | Noticed a two-headed ogre
  7848 | D:9      | Killed a two-headed ogre
  7849 | D:9      | Reached skill level 10 in Fighting
  8413 | D:9      | Found an ornate altar of the Wu Jian Council.
  8497 | D:9      | Reached **** piety under Hepliaklqana
  8585 | D:9      | Found a sacrificial altar of Ru.
  8591 | D:9      | Found a stormy altar of Qazlal.
  8596 | D:9      | Found a sparkling altar of Nemelex Xobeh.
  8760 | D:10     | Entered Level 10 of the Dungeon
  8915 | D:10     | Reached XP level 11. HP: 72/93 MP: 13/13
  8994 | D:10     | Noticed a two-headed ogre
  9002 | D:10     | Killed a two-headed ogre
  9334 | D:10     | Found an opulent altar of Gozag.
  9886 | D:11     | Identified the +3 pair of boots "Nyan" {^Contam Rampage
                  | rElec Stlth+}
  9960 | D:11     | Identified the +10 falchion "Deaj" {venom, *Noise Fly
                  | Str+7}
  9981 | D:11     | Noticed a two-headed ogre
  9992 | D:11     | Killed a two-headed ogre
  9993 | D:11     | Reached skill level 5 in Dodging
 10103 | D:11     | Reached skill level 15 in Ranged Weapons
 10189 | D:11     | Found a broken altar of Ashenzari.
 10210 | D:11     | Reached ***** piety under Hepliaklqana
 10321 | D:11     | Found a staircase to the Orcish Mines.
 10407 | D:11     | Found a staircase to the Lair.
 10440 | D:11     | Noticed a boulder beetle
 10475 | D:11     | Killed a boulder beetle
 10731 | Lair:1   | Entered Level 1 of the Lair of Beasts
 10731 | Lair:1   | Found a transporter.
 10736 | Lair:1   | Reached skill level 16 in Ranged Weapons
 10745 | Lair:1   | Found a transporter.
 10754 | Lair:1   | Noticed Vonofol's ghost (journeyman GrEE)
 10993 | Lair:1   | Reached XP level 12. HP: 100/100 MP: 14/14
 11389 | Lair:1   | Reached skill level 10 in Dodging
 12090 | Lair:2   | Noticed Gastronok
 12109 | Lair:2   | Killed Gastronok
 12274 | Lair:2   | Found the +7 great mace "Firestarter" {flame, immolate,
                  | rFlCloud rF++}
 12320 | Lair:2   | Found a staircase to the Snake Pit.
 12622 | Lair:3   | Reached XP level 13. HP: 107/107 MP: 15/15
 12836 | Lair:3   | Reached ****** piety under Hepliaklqana
 13688 | Lair:2   | Reached skill level 5 in Invocations
 13883 | Lair:2   | Found a staircase to the Snake Pit.
 14282 | Lair:3   | Found a staircase to the Shoals.
 14365 | Lair:3   | Reached skill level 17 in Ranged Weapons
 14788 | Lair:4   | Found a staircase to the Slime Pits.
 15569 | Lair:5   | Entered Level 5 of the Lair of Beasts
 15735 | Lair:5   | Identified the +7 trident of Makhleb's Hope {freeze, rPois
                  | Int-2 Dex+5}
 16109 | Lair:5   | Reached skill level 18 in Ranged Weapons
 16322 | Lair:5   | Reached XP level 14. HP: 111/119 MP: 18/18
 16903 | Lair:5   | Reached skill level 15 in Fighting
 18521 | D:12     | Identified the +1 robe of Words of Power {Int+5}
 19166 | D:13     | Found a runed translucent gate.
 19166 | D:13     | Found a runed translucent gate.
 19166 | D:13     | Found a runed translucent gate.
 19166 | D:13     | Found an ancient bone altar of Kikubaaqudgha.
 19166 | D:13     | Noticed a lich
 19167 | D:13     | Noticed a lich
 19167 | D:13     | Noticed temujin's ghost (journeyman MDFi)
 19167 | D:13     | Noticed a lich
 19167 | D:13     | Noticed a lich
 19450 | D:13     | HP: 3/121 [meliai/divine providence (12)]
 19450 | D:13     | Slain by a meliai

Illustrated notes

Levels and vault maps discovered:
D:1:      saegor_arrival_simple_c, layout_basic,
          hangedman_abyss_or_decor_lesser_grid
D:2:      layout_loops_ring, shapermc_ecumenical_altar_venn, uniq_jessica,
          uniq_terence
D:3:      layout_basic, mainiacjoe_overflow_cross_hatched,
          kiku_gazebo_pond_becter, lemuel_round_altar, lemuel_round_altar,
          hellmonk_no_cap
D:4:      layout_basic, zin_angel
D:5:      layout_basic, nicolae_vehumet_radiance,
          minmay_temple_entry_antechambers, minmay_misc_feat_hallway,
          minmay_circle_x
D:6:      cheibrodos_thug_alley, layout_cave_pools, lemuel_crystal_altar,
          serial_glass, glass_columns_a, glass_columns_c, glass_columns_b,
          glass_columns_a, glass_columns_a, glass_columns_a, glass_columns_a,
          glass_columns_a, glass_columns_a, glass_columns_b, nrook_uturn,
          kb_rosetta, uniq_sigmund
D:7:      layout_basic, kennysheep_mini_moat, nicolae_tso_besieged_by_evil
D:8:      layout_loops_ring, nicolae_the_louvre
D:9:      layout_loops_corners, nzn_wu_jian_council_hall,
          minmay_overflow_temple_star_quad, serial_shops,
          nicolae_shop_tiny_real_fake_doors, minmay_lizard_king
D:10:     layout_grid_maze, mainiacjoe_overflow_alcove_2
D:11:     layout_irregular_city, lair_entry_dummy, orc_0_dummy,
          cheibrodos_ashenzari_chains
D:12:     layout_basic
D:13:     layout_irregular_city, david_vaults_1, gammafunk_ghost_crypt,
          minmay_fractal_squares_gapless_5
Lair:1:   layout_roguey, gammafunk_ghost_berserking_beasts, st_stairs_12,
          lemuel_fruit_tree, lemuel_fruit_fields
Lair:2:   layout_chaotic_city, guppyfry_snake_entry_island,
          dreamdust_gnoll_shepherd, uniq_gastronok
Lair:3:   onia_ninara_swampy_vault, layout_layer_cave,
          minmay_shoals_entry_lonely_mermaid, chequers_serial_rivers_small_a,
          infiniplex_staircase_pool_2
Lair:4:   layout_cave_pods, dpeg_slime_entry_corner,
          chequers_serial_rivers_small_b, serial_bayou_shore_b,
          serial_bayou_shore_a, serial_bayou_shore_b
Lair:5:   guppyfry_lair_end_dragon, layout_small_grid, wormcave

Skill      XL: |  1  2  3  4  5  6  7  8  9 10 11 12 13 14 |
---------------+-------------------------------------------+-----
Fighting       | 2 3 4 5 6 11 12 14 15 | 15.0
Armour         | 1 3 4 5 |  5.0
Ranged Weapons | 1 3 6 10 13 14 16 18 | 18.0
Dodging        | 7 12 14 | 14.7
Invocations    | 3 7 8 |  8.0
Stealth        | |  1.5
Spellcasting   | |  2.1
Conjurations   | |  0.6
Summonings     | |  0.6
Translocations | |  0.6

Action                     |  1- 3 |  4- 6 |  7- 9 | 10-12 | 13-15 || total
---------------------------+-------+-------+-------+-------+-------++-------
  Melee: Dagger            |    69 |   104 |       |       |       ||   173
         Headbutt          |    13 |    27 |       |       |       ||    40
         Flail             |       |    16 |     4 |       |       ||    20
         Arbalest          |       |       |       |       |     1 ||     1
   Fire: Sling             |       |    58 |   193 |       |       ||   251
         Orcbow            |       |       |   123 |   703 |       ||   826
         Arbalest          |       |       |       |    69 |   706 ||   775
 Invoke: Recall Ancestor   |       |       |     1 |     5 |    14 ||    20
         Ancestor Life: Kn |       |       |     1 |       |       ||     1
         Idealise          |       |       |       |       |     1 ||     1
  Evoke: Wand              |       |     3 |       |       |       ||     3
    Use: Scroll            |       |       |    11 |     9 |    10 ||    30
         Potion            |       |       |     4 |     2 |     1 ||     7
   Stab: Paralysed         |       |     3 |       |       |       ||     3
 Armour: Chain mail        |    40 |    80 |       |       |       ||   120
         Robe              |     3 |       |       |       |       ||     3
         Scale mail        |       |    54 |    94 |    27 |       ||   175
         Ring mail         |       |       |       |    48 |       ||    48
         Troll leather arm |       |       |       |    75 |   213 ||   288
         Skin              |       |       |       |     2 |       ||     2
  Dodge: Dodged            |    23 |    83 |    73 |    94 |   229 ||   502
  Block: Other             |       |       |       |       |    42 ||    42

Table legend: (Time is in decaauts)
 A = Elapsed time spent in this place.
 B = Non-inter-level travel time spent in this place.
 C = Inter-level travel time spent in this place.
 D = Time resting spent in this place.
 E = Time spent auto-exploring this place.
 F = Levels seen in this place.
 G = Mean time per level.
                   A        B        C        D        E       F      G
               +--------+--------+--------+--------+--------+-----+--------+
         Total |  19565 |  18355 |   1210 |   3281 |  11020 |  18 | 1086.9 |
       Dungeon |  12380 |  11539 |    841 |   2025 |   7079 |  13 |  952.3 |
          Lair |   7184 |   6815 |    369 |   1256 |   3941 |   5 | 1436.8 |
               +--------+--------+--------+--------+--------+-----+--------+

Top non-repeatable levels by time:
  Lair:5: 1832 daAuts
     D:9: 1655 daAuts
  Lair:3: 1397 daAuts
  Lair:4: 1349 daAuts
  Lair:1: 1308 daAuts
  Lair:2: 1297 daAuts
     D:6: 1145 daAuts
     D:5: 1096 daAuts
    D:11: 1072 daAuts
     D:7: 968 daAuts
     D:3: 954 daAuts
     D:4: 946 daAuts
    D:12: 943 daAuts
     D:2: 827 daAuts
     D:1: 825 daAuts
